 Dungeon Crawl Stone Soup version 0.24.1 (webtiles) character file.

Game seed: 18446180095418967526, levelgen mode: deterministic

37 Destapler the Digger (level 3, -1/19 HPs)
             Began as a Deep Elf Earth Elementalist on Mar 30, 2020.
             Slain by a goblin
             ... wielding a +0 club
              (2 damage)
             ... on level 2 of the Dungeon.
             The game lasted 00:06:02 (1435 turns).

Destapler the Digger (Deep Elf Earth Elementalist)  Turns: 1435, Time: 00:06:03

Health: -1/19      AC:  2    Str:  5    XL:     3   Next: 23%
Magic:  10/10      EV: 14    Int: 20    God:
Gold:   91         SH:  0    Dex: 19    Spells: 5/9 levels left

rFire    . . .     SeeInvis .   l - +0 dagger
rCold    . . .     Gourm    .   (no shield)
rNeg     . . .     Faith    .   c - +0 robe
rPois    .         Spirit   .   (no helmet)
rElec    .         Reflect  .   (no cloak)
rCorr    .         Harm     .   (no gloves)
MR       .....                  (no boots)
Stlth    +++.......             (no amulet)
HPRegen  0.06/turn              h - +4 ring of dexterity
MPRegen  0.12/turn              (no ring)

@: no status effects
A: no striking features
a: no special abilities


You were on level 2 of the Dungeon.
You were not hungry.

You visited 1 branch of the dungeon, and saw 2 of its levels.

You collected 91 gold pieces.

Inventory:

Hand Weapons
 l - a +0 dagger (weapon)
Missiles
 b - 27 stones (quivered)
 f - 34 poisoned darts
Armour
 c - a +0 robe (worn)
Jewellery
 h - a +4 ring of dexterity (left hand)
Scrolls
 a - a scroll of identify {unknown}
 e - 3 scrolls of teleportation {unknown}
 j - 3 scrolls of noise {unknown}
 o - a scroll of fear {unknown}
 p - 2 scrolls of remove curse {unknown}
 r - a scroll of enchant weapon {unknown}
Potions
 g - a potion of mutation {unknown}
 i - a potion of haste {unknown}
 k - a potion of berserk rage {unknown}
 m - a potion of agility {unknown}
 n - 2 potions of curing {unknown}
Comestibles
 d - 2 rations
 q - 2 chunks of flesh


   Skills:
 + Level 3.1 Dodging
 + Level 3.0 Stealth
 + Level 3.6 Spellcasting
 * Level 0.4 Conjurations
   Level 1.1 Transmutations
 + Level 3.6 Earth Magic


You had 5 spell levels left.
You knew the following spells:

 Your Spells              Type           Power        Failure   Level  Hunger
a - Sandblast             Erth           ###...       3%          1    None
b - Stone Arrow           Conj/Erth      ##....       17%         3    ###....

Your spell library contained the following spells:

 Spells                   Type           Power        Failure   Level  Hunger
 Passwall                 Tmut/Erth      ##......     8%          2    ##.....
 Petrify                  Tmut/Erth      ##......     45%         4    ####...
 Lee's Rapid Deconstruct  Erth           ###.......   63%         5    ######.


Dungeon Overview and Level Annotations

Branches:
Dungeon (2/15)

Altars:
Ashenzari


Message History

You closely miss the goblin. The goblin misses you.
You closely miss the goblin. The goblin hits you with a +0 club.
* * * LOW HITPOINT WARNING * * *
You hit the goblin but do no damage. The goblin hits you but does no damage.
You hit the goblin but do no damage. The goblin misses you.
You barely miss the goblin. The goblin closely misses you.
You hit the goblin but do no damage. The goblin hits you but does no damage.
You hit the goblin but do no damage. The goblin barely misses you.
You closely miss the goblin. You barely miss the goblin.
The goblin hits you with a +0 club.
* * * LOW HITPOINT WARNING * * *
You closely miss the goblin. The goblin hits you with a +0 club.
* * * LOW HITPOINT WARNING * * *
You hit the goblin but do no damage. The goblin hits you with a +0 club.
* * * LOW HITPOINT WARNING * * *
You barely miss the goblin. The goblin barely misses you.
You hit the goblin but do no damage. The goblin misses you.
You barely miss the goblin. The goblin barely misses you.
You closely miss the goblin. The goblin hits you with a +0 club.
You die...

# #...........<#+ #.
#.##...........
##'#####+#'##...........
............#...........
............#...........
............#...........
..........>.#...........
.........^..#...........
.......@....# .........
.......g....# ........
............# ........
.......$....# ........
............# .....)..
............# ........
............# ........
#############


You could see a goblin.

Vanquished Creatures
  An ooze (D:1)
  A dart slug (D:2)
  A ball python (D:1)
  6 goblins
  4 hobgoblins (D:1)
  5 bats
  A frilled lizard (D:1)
  7 kobolds (D:1)
  4 rats (D:1)
30 creatures vanquished.

Notes
Turn   | Place    | Note
-------+----------+-------------------------------------------
     0 | D:1      | Destapler the Deep Elf Earth Elementalist began the quest
                  | for the Orb.
     0 | D:1      | Reached XP level 1. HP: 10/10 MP: 6/6
    99 | D:1      | Reached XP level 2. HP: 11/15 MP: 4/8
   940 | D:1      | Reached XP level 3. HP: 13/19 MP: 3/10
   958 | D:1      | Learned a level 3 spell: Stone Arrow
  1331 | D:2      | Found a shattered altar of Ashenzari.
  1435 | D:2      | Slain by a goblin

Levels and vault maps discovered:
D:1:      minmay_arrival_jagged, layout_basic, minmay_misc_feat_pillars
D:2:      layout_basic, lemuel_round_altar, lemuel_coloured_pillars_altar

Skill      XL: |  1  2 |
---------------+-------+-----
Dodging        | 3 |  3.1
Stealth        | 3 |  3.0
Spellcasting   | |  3.6
Conjurations   | |  0.4
Transmutations | |  1.1
Earth Magic    | |  3.6

Action                   || total
-------------------------++-------
Melee: Unarmed           ||    18
       Dagger            ||    87
 Cast: Sandblast         ||    28
       Stone Arrow       ||     1
 Stab: Sleeping          ||     3
  Eat: Chunk             ||     2
Armor: Robe              ||    33
Dodge: Dodged            ||    94
